MLB
BOSTON RED SOX @ BALTIMORE ORIOLES
09/21/2041
 
TOP OF THE 1ST
Boston Red Sox batting - Pitching for Baltimore Orioles : RHP Dave Robinson
Pitching: RHP Dave Robinson
Batting: RHB Juan Ávila 0-0: Ball
1-0: SOLO HOME RUN (Flyball, 78XD, EV 108.1 MPH), Distance : 429 ft
Batting: LHB Erwin Broomhead 0-0: Ball
1-0: Called Strike
1-1: Ball
2-1: Foul Ball, location: 2F
2-2: Strikes out swinging
Batting: RHB António Negrón 0-0: Called Strike
0-1: Ball
1-1: Ball
2-1: Ball
3-1: Foul Ball, location: 2F
3-2: Foul Ball, location: 3SF
3-2: Foul Ball, location: 5DF
3-2: Foul Ball, location: 7LSF
3-2: Fly out, F8 (Flyball, 8RXD, EV 97.5 MPH)
Batting: LHB Derek Orby 0-0: Called Strike
0-1: SINGLE (Line Drive, 4MD, EV 110.0 MPH)
Batting: LHB Elián Ortíz 0-0: Ball
1-0: Ball
2-0: Called Strike
2-1: Called Strike
2-2: Strikes out swinging
Top of the 1st over - 1 run, 2 hits, 0 errors, 1 left on base; Boston 1 - Baltimore 0
BOTTOM OF THE 1ST
Baltimore Orioles batting - Pitching for Boston Red Sox : RHP Jimmy Sharp
Pitching: RHP Jimmy Sharp
Batting: RHB Mikolas Polansky 0-0: Ball
1-0: Called Strike
1-1: Ball
2-1: Ground out 5-3 (Groundball, 56S, EV 92.5 MPH)
Batting: RHB Remigio Aguilar 0-0: Called Strike
0-1: Fly out, F8 (Line Drive, 8LD, EV 96.9 MPH)
Batting: LHB Juan Jose Cabrera 0-0: Ground out U3 (Groundball, 3L, EV 105.0 MPH)
Bottom of the 1st over - 0 runs, 0 hits, 0 errors, 0 left on base; Boston 1 - Baltimore 0
TOP OF THE 2ND
Boston Red Sox batting - Pitching for Baltimore Orioles : RHP Dave Robinson
Batting: RHB Juan Serrato 0-0: Ball
1-0: Fly out, F4 (Popup, 34D, EV 68.8 MPH)
Batting: SHB Danny Walker 0-0: Ball
1-0: Ball
2-0: Called Strike
2-1: Called Strike
2-2: Foul Ball, location: 7LMF
2-2: Ball
3-2: Foul Ball, location: 2RF
3-2: Base on Balls
Batting: RHB Ignacio Villalobos 0-0: Called Strike
0-1: Ball
Danny Walker steals 2nd base (no throw)
1-1: Foul Ball, location: 2F
1-2: Foul Ball, location: 23F
1-2: Fly out, F7 (Flyball, 7D, EV 99.4 MPH)
Runner from 2nd tags up, SAFE at 3rd, no throw by LF
Batting: SHB Rubén Díaz 0-0: Ball
1-0: Foul Ball, location: 2F
1-1: Foul Ball, location: 7LMF
1-2: Ball
2-2: Ball
3-2: Foul Ball, location: 3FF
3-2: Ground out 4-3 (Groundball, 34, EV 100.0 MPH)
Top of the 2nd over - 0 runs, 0 hits, 0 errors, 1 left on base; Boston 1 - Baltimore 0
BOTTOM OF THE 2ND
Baltimore Orioles batting - Pitching for Boston Red Sox : RHP Jimmy Sharp
Batting: RHB Kratukarana Multani 0-0: Called Strike
0-1: Foul Ball, location: 25F
0-2: Strikes out looking
Batting: LHB Samad Beybukov 0-0: Ball
1-0: Called Strike
1-1: Fly out, F9 (Flyball, 89M, EV 92.5 MPH)
Batting: RHB Cedric Powers 0-0: Ball
1-0: Ball
2-0: Ball
3-0: SINGLE (Groundball, 34D, EV 96.9 MPH)
Batting: LHB Greg Martin 0-0: Ball
1-0: Ball
2-0: Ground out 4-3 (Groundball, 34, EV 83.8 MPH)
Bottom of the 2nd over - 0 runs, 1 hit, 0 errors, 1 left on base; Boston 1 - Baltimore 0
TOP OF THE 3RD
Boston Red Sox batting - Pitching for Baltimore Orioles : RHP Dave Robinson
Batting: RHB Juan Ávila 0-0: Called Strike
0-1: SINGLE (Line Drive, 7LM, EV 103.1 MPH)
Batting: LHB Erwin Broomhead 0-0: Ball
1-0: Swinging Strike
1-1: Ball
Juan Ávila steals 2nd base
2-1: Ball
3-1: Fly out, F8 (Flyball, 8RD, EV 103.1 MPH)
Batting: RHB António Negrón 0-0: Ball
1-0: Ball
2-0: Ball
3-0: Called Strike
3-1: Base on Balls
Batting: LHB Derek Orby 0-0: Ball
1-0: Ball
2-0: Called Strike
2-1: 3-RUN HOME RUN (Flyball, 8LXD, EV 99.4 MPH), Distance : 427 ft
Batting: LHB Elián Ortíz 0-0: Swinging Strike
0-1: Swinging Strike
0-2: Foul Ball, location: 9LDF
0-2: Strikes out looking
Batting: RHB Juan Serrato 0-0: Foul Ball, location: 25FF
0-1: Ball
1-1: Ball
2-1: Foul Ball, location: 2F
2-2: Fly out, F9 (Line Drive, 89M, EV 107.5 MPH)
Top of the 3rd over - 3 runs, 2 hits, 0 errors, 0 left on base; Boston 4 - Baltimore 0
BOTTOM OF THE 3RD
Baltimore Orioles batting - Pitching for Boston Red Sox : RHP Jimmy Sharp
Batting: LHB Jeff Hodge 0-0: Foul Ball, location: 9LSF
0-1: Ball
1-1: Ball
2-1: Ball
3-1: Foul Ball, location: 2F
3-2: Base on Balls
Batting: RHB Jerry Powell 0-0: Swinging Strike
0-1: Ball
1-1: Foul Ball, location: 2F
1-2: Ground out 6-3 (Groundball, 6S, EV 68.8 MPH)
Jeff Hodge to second
Batting: RHB Mikolas Polansky 0-0: Ball
1-0: Called Strike
1-1: Called Strike
1-2: Ball
2-2: Ball
3-2: Foul Ball, location: 2F
3-2: Foul Ball, location: 3DF
3-2: Foul Ball, location: 3F
3-2: SINGLE (Groundball, 5D, EV 96.9 MPH)
Jeff Hodge to third
Runner from 3rd tries for Home, SAFE, throw by LF to home
Batting: RHB Remigio Aguilar 0-0: Ball
1-0: Grounds into double play, 4-6-3 (Groundball, 4, EV 100.6 MPH)
Bottom of the 3rd over - 1 run, 1 hit, 0 errors, 0 left on base; Boston 4 - Baltimore 1
TOP OF THE 4TH
Boston Red Sox batting - Pitching for Baltimore Orioles : RHP Dave Robinson
Batting: SHB Danny Walker 0-0: Ball
1-0: SOLO HOME RUN (Flyball, 89XD, EV 106.9 MPH), Distance : 421 ft
Pitching: RHP Steve O'Cuirneen
Batting: RHB Ignacio Villalobos 0-0: Ground out 6-3 (Groundball, 6, EV 83.1 MPH)
Batting: SHB Rubén Díaz 0-0: Called Strike
0-1: Ball
1-1: Swinging Strike
1-2: Strikes out swinging
Batting: RHB Juan Ávila 0-0: Ball
1-0: Swinging Strike
1-1: Foul Ball, location: 2F
1-2: Ground out 5-3 (Groundball, 5, EV 81.9 MPH)
Top of the 4th over - 1 run, 1 hit, 0 errors, 0 left on base; Boston 5 - Baltimore 1
BOTTOM OF THE 4TH
Baltimore Orioles batting - Pitching for Boston Red Sox : RHP Jimmy Sharp
Batting: LHB Juan Jose Cabrera 0-0: Ball
1-0: Fly out, F8 (Line Drive, 8RM, EV 93.1 MPH)
Batting: RHB Kratukarana Multani 0-0: Ball
1-0: Foul Ball, location: 2F
1-1: Foul Ball, location: 3FF
1-2: Strikes out swinging
Batting: LHB Samad Beybukov 0-0: Foul Ball, location: 23FF
0-1: Ball
1-1: SINGLE (Groundball, 34D, EV 100.0 MPH)
Batting: RHB Cedric Powers 0-0: Foul Ball, location: 9LMF
0-1: Called Strike
0-2: Foul Ball, location: 2F
0-2: Ball
1-2: TRIPLE (Line Drive, 8LXD, EV 110.0 MPH)
Samad Beybukov scores
Batting: LHB Greg Martin 0-0: Reached on error, E3 (Groundball, 3, EV 83.1 MPH)
Cedric Powers scores
Batting: LHB Jeff Hodge 0-0: Called Strike
0-1: Ball
1-1: Ball
2-1: Foul Ball, location: 3FF
2-2: Strikes out swinging
Bottom of the 4th over - 2 runs, 2 hits, 1 error, 1 left on base; Boston 5 - Baltimore 3
TOP OF THE 5TH
Boston Red Sox batting - Pitching for Baltimore Orioles : RHP Steve O'Cuirneen
Batting: LHB Erwin Broomhead 0-0: Called Strike
0-1: SINGLE (Groundball, 6MS, EV 92.5 MPH) (infield hit)
Batting: RHB António Negrón 0-0: Called Strike
0-1: Ball
1-1: Foul Ball, location: 2F
1-2: Foul Ball, location: 7LDF
1-2: 2-RUN HOME RUN (Flyball, 7D, EV 98.8 MPH), Distance : 361 ft
Batting: LHB Derek Orby 0-0: Ball
1-0: Ball
2-0: Fly out, F7 (Flyball, 7, EV 95.6 MPH)
Batting: LHB Elián Ortíz 0-0: Called Strike
0-1: Ball
1-1: Foul Ball, location: 7LMF
1-2: Foul Ball, location: 7LMF
1-2: Ball
2-2: Ball
3-2: Foul Ball, location: 9LDF
3-2: Ground out 6-3 (Groundball, 6, EV 105.6 MPH)
Batting: RHB Juan Serrato 0-0: Called Strike
0-1: Foul Ball, location: 3FF
0-2: Ground out 3-1 (Groundball, 34, EV 85.0 MPH)
Top of the 5th over - 2 runs, 2 hits, 0 errors, 0 left on base; Boston 7 - Baltimore 3
BOTTOM OF THE 5TH
Baltimore Orioles batting - Pitching for Boston Red Sox : RHP Jimmy Sharp
Batting: RHB Jerry Powell 0-0: Ball
1-0: Called Strike
1-1: Fly out, F7 (Flyball, 7LM, EV 96.3 MPH)
Batting: RHB Mikolas Polansky 0-0: Fly out, F8 (Flyball, 8RM, EV 89.4 MPH)
Batting: RHB Remigio Aguilar 0-0: Ball
1-0: Ball
2-0: Called Strike
2-1: SINGLE (Line Drive, 6M, EV 95.0 MPH)
Batting: LHB Juan Jose Cabrera 0-0: Called Strike
0-1: Ball
1-1: Fielders Choice at 2nd, U4 (Groundball, 4M, EV 81.3 MPH)
Bottom of the 5th over - 0 runs, 1 hit, 0 errors, 1 left on base; Boston 7 - Baltimore 3
TOP OF THE 6TH
Boston Red Sox batting - Pitching for Baltimore Orioles : RHP Steve O'Cuirneen
Batting: SHB Danny Walker 0-0: Ball
1-0: Ball
2-0: Ball
3-0: Foul Ball, location: 2F
3-1: Foul Ball, location: 2F
3-2: Base on Balls
Batting: RHB Ignacio Villalobos 0-0: Called Strike
0-1: Swinging Strike
0-2: Ball
1-2: Foul Ball, location: 9LSF
1-2: Ball
2-2: Strikes out swinging
Batting: SHB Rubén Díaz 0-0: Called Strike
Danny Walker steals 2nd base
0-1: Ball
1-1: Foul Ball, location: 25F
1-2: Strikes out looking
Batting: RHB Juan Ávila 0-0: Ball
1-0: Called Strike
1-1: Ball
2-1: Swinging Strike
2-2: Ground out 5-3 (Groundball, 56, EV 90.6 MPH)
Top of the 6th over - 0 runs, 0 hits, 0 errors, 1 left on base; Boston 7 - Baltimore 3
BOTTOM OF THE 6TH
Baltimore Orioles batting - Pitching for Boston Red Sox : RHP Jimmy Sharp
Batting: RHB Kratukarana Multani 0-0: Fly out, F8 (Flyball, 89M, EV 89.4 MPH)
Batting: LHB Samad Beybukov 0-0: Ball
1-0: Foul Ball, location: 9LSFF
1-1: Fly out, F7 (Flyball, 7, EV 93.1 MPH)
Batting: RHB Cedric Powers 0-0: Ball
1-0: Foul Ball, location: 3FF
1-1: Ball
2-1: Called Strike
2-2: Fly out, F7 (Flyball, 78M, EV 85.6 MPH)
Bottom of the 6th over - 0 runs, 0 hits, 0 errors, 0 left on base; Boston 7 - Baltimore 3
TOP OF THE 7TH
Boston Red Sox batting - Pitching for Baltimore Orioles : RHP Steve O'Cuirneen
Batting: LHB Erwin Broomhead 0-0: Swinging Strike
0-1: Swinging Strike
0-2: Foul Ball, location: 2RF
0-2: Ball
1-2: Strikes out swinging
Batting: RHB António Negrón 0-0: Foul Ball, location: 5F
0-1: Ball
1-1: Ball
2-1: Ball
3-1: Base on Balls
Batting: LHB Derek Orby 0-0: Ball
1-0: Ball
2-0: Called Strike
2-1: Foul Ball, location: 9LMF
2-2: Strikes out swinging
Pitching: RHP Billy Cooley
Batting: LHB Elián Ortíz 0-0: Called Strike
0-1: Called Strike
António Negrón steals 2nd base
0-2: Ball
1-2: Ball
2-2: Strikes out swinging
Top of the 7th over - 0 runs, 0 hits, 0 errors, 1 left on base; Boston 7 - Baltimore 3
BOTTOM OF THE 7TH
Baltimore Orioles batting - Pitching for Boston Red Sox : RHP Jimmy Sharp
Batting: LHB Greg Martin 0-0: Ball
1-0: Ball
2-0: Called Strike
2-1: Fly out, F9 (Flyball, 9D, EV 96.9 MPH)
Batting: LHB Jeff Hodge 0-0: Foul Ball, location: 7LSF
0-1: Foul Ball, location: 3FF
0-2: Ball
1-2: Foul Ball, location: 2F
1-2: Ball
2-2: Strikes out looking
Batting: RHB Jerry Powell 0-0: Ball
1-0: Foul Ball, location: 23FF
1-1: Ground out 6-3 (Groundball, 6, EV 110.0 MPH)
Bottom of the 7th over - 0 runs, 0 hits, 0 errors, 0 left on base; Boston 7 - Baltimore 3
TOP OF THE 8TH
Boston Red Sox batting - Pitching for Baltimore Orioles : RHP Billy Cooley
Batting: RHB Juan Serrato 0-0: Ground out 6-3 (Groundball, 56, EV 102.5 MPH)
Batting: SHB Danny Walker 0-0: Swinging Strike
0-1: Ball
1-1: Foul Ball, location: 5F
1-2: Strikes out swinging
Batting: RHB Ignacio Villalobos 0-0: Ball
1-0: Ball
2-0: Ball
3-0: Called Strike
3-1: Foul Ball, location: 9LMF
3-2: Ground out 6-3 (Groundball, 6M, EV 86.3 MPH)
Top of the 8th over - 0 runs, 0 hits, 0 errors, 0 left on base; Boston 7 - Baltimore 3
BOTTOM OF THE 8TH
Baltimore Orioles batting - Pitching for Boston Red Sox : RHP Jimmy Sharp
Batting: RHB Mikolas Polansky 0-0: Ball
1-0: Foul Ball, location: 9LSF
1-1: Ball
2-1: SINGLE (Flyball, 78S, EV 95.0 MPH)
Batting: RHB Remigio Aguilar 0-0: Ball
1-0: Grounds into double play, 4-6-3 (Groundball, 34S, EV 81.9 MPH)
Batting: LHB Juan Jose Cabrera 0-0: Called Strike
0-1: Foul Ball, location: 2F
0-2: Ground out 6-3 (Groundball, 6, EV 83.1 MPH)
Bottom of the 8th over - 0 runs, 1 hit, 0 errors, 0 left on base; Boston 7 - Baltimore 3
TOP OF THE 9TH
Boston Red Sox batting - Pitching for Baltimore Orioles : RHP Billy Cooley
Batting: SHB Rubén Díaz 0-0: Ball
1-0: Called Strike
1-1: Ball
2-1: Ball
3-1: Called Strike
3-2: Strikes out swinging
Batting: RHB Juan Ávila 0-0: Foul Ball, location: 3F
0-1: Foul Ball, location: 5F
0-2: Ball
1-2: Ball
2-2: Ball
3-2: Ground out U3 (Groundball, 34, EV 110.0 MPH)
Batting: LHB Erwin Broomhead 0-0: Foul Ball, location: 23FF
0-1: Called Strike
0-2: Strikes out swinging
Top of the 9th over - 0 runs, 0 hits, 0 errors, 0 left on base; Boston 7 - Baltimore 3
BOTTOM OF THE 9TH
Baltimore Orioles batting - Pitching for Boston Red Sox : RHP Jimmy Sharp
Pitching: RHP Jim Cox
Batting: RHB Kratukarana Multani 0-0: Ball
1-0: Ball
2-0: Foul Ball, location: 5FF
2-1: Ball
3-1: Base on Balls
Pitching: LHP Arturo Morín
Pinch Hitting: RHB Artie Allen 0-0: Ball
1-0: Swinging Strike
1-1: Ball
2-1: Swinging Strike
2-2: DOUBLE (Groundball, 3L, EV 106.9 MPH)
Kratukarana Multani to third
Batting: RHB Cedric Powers 0-0: Ball
1-0: Ground out 6-3 (Groundball, 6, EV 83.8 MPH)
Kratukarana Multani scores
Artie Allen to third
Pinch Hitting: RHB Lúcio Nereida 0-0: Called Strike
0-1: Foul Ball, location: 2F
0-2: Ball
1-2: Ball
2-2: Fielders Choice at home, 6-2 (Groundball, 6, EV 85.0 MPH)
Pinch Hitting: RHB Tommy Reyna 0-0: Ball
1-0: Foul Ball, location: 9LDF
1-1: Fielders Choice at 2nd, 5-4 (Groundball, 56, EV 97.5 MPH)
Bottom of the 9th over - 1 run, 1 hit, 0 errors, 1 left on base; Boston 7 - Baltimore 4
Sunday, March 24th , 2024 - OOTP Baseball 24.10 Build 82